Construct Infanterie Kompanie
Selects Luftwaffe Battlegroup
Selects Stuka Strafing Run
Infanterie Officer Quarters
Construct Panzergrenadier Kompanie
Selects Fallschirmjäger Squad Paradrop
Pak 40 Anti-tank Gun Team
Pak 40 Anti-tank Gun Team
Selects Luftwaffe Pioneer Support
Selects LG40 Recoilless Gun Paradrop
Construct Panzer Kompanie
Pak 40 Anti-tank Gun Team
Pak 40 Anti-tank Gun Team
Pak 40 Anti-tank Gun Team
Pak 40 Anti-tank Gun Team